 Dungeon Crawl Stone Soup version 0.22-a0-803-gd6d8abeff0 (webtiles) character file.

491 Mirvelgyr the Shield-Bearer (level 7, -4/55 HPs)
             Began as a Formicid Fighter on July 22, 2018.
             Slain by a gnoll shaman
             ... wielding a +0 whip of electrocution
              (10 damage)
             ... on level 4 of the Dungeon.
             The game lasted 00:04:54 (2541 turns).

Mirvelgyr the Shield-Bearer (Formicid Fighter)      Turns: 2541, Time: 00:04:55

Health: -4/55      AC: 13    Str: 22    XL:     7   Next: 37%
Magic:  7/7        EV:  5    Int:  8    God:
Gold:   197        SH: 10    Dex: 10    Spells: 6/6 levels left

rFire    . . .     SeeInvis +   a - +0 war axe
rCold    . . .     Gourm    .   c - +0 shield
rNeg     . . .     Faith    .   q - +0 plate armour
rPois    .         Spirit   .   (helmet unavailable)
rElec    .         Reflect  .   b - +0 cloak
rCorr    .         Harm     .   (no gloves)
MR       .....                  (no boots)
Stlth    ..........             (no amulet)
HPRegen  0.18/turn              (no ring)
MPRegen  0.10/turn              (no ring)

@: no status effects
A: permanent stasis, dig shafts and tunnels, four strong arms, antennae 3
a: Dig, Shaft Self


You were on level 4 of the Dungeon.
You were hungry.

You visited 1 branch of the dungeon, and saw 4 of its levels.

You collected 197 gold pieces.

Inventory:

Hand Weapons
 a - a +0 war axe (weapon)
Armour
 b - a +0 cloak (worn)
 c - a +0 shield (worn)
 q - a +0 plate armour (worn)
Scrolls
 h - 3 scrolls of enchant armour
 i - 3 scrolls of remove curse
 j - a scroll of amnesia
 k - 2 scrolls of noise
 m - a scroll of fear
 r - 2 scrolls of blinking
Potions
 e - a potion of lignification {unknown}
 g - a potion of invisibility {unknown}
 l - 2 potions of cancellation
 n - a potion of degeneration {unknown}
 o - 4 potions of curing {unknown}
 p - a potion of brilliance {unknown}
Comestibles
 d - 9 chunks of flesh
 f - 3 rations


   Skills:
 + Level 4.7 Fighting
 * Level 4.9 Axes
 + Level 4.8 Armour
 + Level 5.3 Shields


You had 6 spell levels left.
You didn't know any spells.
Your spell library was empty.

Dungeon Overview and Level Annotations

Branches:
Dungeon (4/15)
 Temple: D:4-7

Altars:
Nemelex Xobeh


Innate Abilities, Weirdness & Mutations

You cannot be hasted, slowed, berserked, paralysed or teleported.
You can dig through walls and to a lower floor.
Your four strong arms can wield two-handed weapons with a shield.
You have a pair of large antennae on your head. (SInv)


Message History

You are too injured to fight recklessly!
You are too injured to fight recklessly!
You are too injured to fight recklessly!
You hit the gnoll shaman but do no damage.
The gnoll shaman is moderately wounded.
You block the gnoll shaman's attack.
You hit the gnoll shaman.
The gnoll shaman is severely wounded.
The gnoll shaman hits you with a whip of electrocution.
The orc priest invokes the aid of Beogh against you.
Beogh smites you!
* * * LOW HITPOINT WARNING * * *
The gnoll shaman hits you with a whip of electrocution.
* * * LOW HITPOINT WARNING * * *
Are you sure you want to shaft yourself?
You are feeling hungry.
The gnoll shaman hits you with a whip of electrocution.
* * * LOW HITPOINT WARNING * * *
You are electrocuted!
You die...

##############
#.........@gr##
#.##......##og#
##.###....###go#
#...###..###{{g#
#(...######.{gg..
#.....# #....#.##
#.....# #.......
#....######.......
#...###..###.......


You could see a gnoll shaman, an orc priest, a gnoll, an orc and a quokka.

Vanquished Creatures
  The ghost of Fandomethor the Covered, an amateur GrFi (D:3)
  A crimson imp (D:4)
  2 bullfrog zombies
  Crazy Yiuf (D:2)
  A centaur skeleton (D:3)
  4 gnolls
  3 adders
  2 oozes (D:1)
  An adder skeleton (D:4)
  An adder zombie (D:3)
  A worm (D:3)
  3 dart slugs (D:1)
  2 leopard geckos
  4 orcs (D:4)
  12 bats
  A giant cockroach (D:2)
  3 goblins
  8 hobgoblins
  11 jackals
  A quokka (D:4)
  2 ball pythons
  4 frilled lizards
  5 kobolds
  4 rats
78 creatures vanquished.

Notes
Turn   | Place    | Note
-------+----------+-------------------------------------------
     0 | D:1      | Mirvelgyr the Formicid Fighter began the quest for the Orb.
     0 | D:1      | Reached XP level 1. HP: 18/18 MP: 1/1
    21 | D:1      | Reached XP level 2. HP: 24/24 MP: 2/2
    47 | D:1      | Reached XP level 3. HP: 12/29 MP: 3/3
   274 | D:1      | Reached skill level 4 in Shields
   497 | D:1      | Reached XP level 4. HP: 37/37 MP: 4/4
   836 | D:2      | Reached XP level 5. HP: 30/42 MP: 5/5
  1460 | D:2      | Found a runed door.
  1635 | D:2      | Noticed Crazy Yiuf
  1644 | D:2      | Killed Crazy Yiuf
  1715 | D:3      | Found a runed gate.
  1715 | D:3      | Found a runed gate.
  1725 | D:3      | Found a runed gate.
  1730 | D:3      | Noticed Fandomethor's ghost (amateur GrFi)
  1760 | D:3      | Reached XP level 6. HP: 40/48 MP: 6/6
  1762 | D:3      | Killed Fandomethor's ghost
  1762 | D:3      | Reached skill level 5 in Shields
  1762 | D:3      | Reached XP level 7. HP: 37/55 MP: 7/7
  1913 | D:3      | Found a sparkling altar of Nemelex Xobeh.
  2051 | D:3      | Found a faded altar of an unknown god.
  2541 | D:4      | Slain by a gnoll shaman

Vault maps used:
D:1:      tarquinn_simple_flora_water_e, corexii_hall_statues_t,
          minmay_box_of_dots
D:2:      uniq_crazy_yiuf_cottage
D:3:      first_ration, gammafunk_ghost_necromancy,
          chequers_ecumenical_altar_simple, nemelex_spade_bored_becter
D:4:      minmay_door_path, minmay_misc_feat_hallway, roderic_batcave,
          minivault_19

Skill      XL: |  1  2  3  4  5  6 |
---------------+-------------------+-----
Shields        | 4 5 |  5.3
Axes           | 3 4 |  4.9
Fighting       | 4 |  4.7
Armour         | 4 |  4.8

Action                   |  1- 3 |  4- 6 |  7- 9 || total
-------------------------+-------+-------+-------++-------
Melee: War axe           |    71 |    99 |    75 ||   245
 Abil: Shaft Self        |       |       |     1 ||     1
  Use: Scroll            |       |     5 |     3 ||     8
       Potion            |       |     1 |       ||     1
  Eat: Chunk             |       |     2 |       ||     2
       Ration            |       |     1 |       ||     1
Armor: Scale mail        |    36 |    25 |       ||    61
       Plate armour      |       |    29 |    46 ||    75
Dodge: Dodged            |    27 |    37 |    23 ||    87
Block: Shield            |    56 |    65 |    63 ||   184

Table legend:
 A = Spawn XP
 B = Non-spawn XP
 C = Spawn XP percentage of total XP
 D = Spawn monster count
 E = Non-spawn monster count
 F = Spawn count percentage of total count
 G = Total turns spent on level
                    A         B        C        D         E        F      G
               +---------+---------+-------+---------+---------+-------+---------
         Total |       0 |     702 |   0.0 |       0 |      78 |   0.0 |  2541
               +---------+---------+-------+---------+---------+-------+---------
           D:1 |       0 |      94 |   0.0 |       0 |      37 |   0.0 |   703
           D:2 |       0 |     131 |   0.0 |       0 |      17 |   0.0 |  1001
           D:3 |       0 |     391 |   0.0 |       0 |      12 |   0.0 |   529
           D:4 |       0 |      86 |   0.0 |       0 |      12 |   0.0 |   308
               +---------+---------+-------+---------+---------+-------+---------
